 Dungeon Crawl Stone Soup version 0.27-a0-1123-g2f9bb313c0 (webtiles) character file.

Game seed: 2563821021988883912

6096 Azzok the Grappler (level 10, -5/88 HPs)
             Began as a Ghoul Fighter on May 3, 2021.
             Was a Believer of Makhleb.
             Slain by a death yak (22 damage)
             ... on level 8 of the Dungeon.
             The game lasted 00:10:59 (7610 turns).

Azzok the Grappler (Ghoul Fighter)                  Turns: 7610, Time: 00:11:00

Health: -5/88      AC: 15    Str: 24    XL:     10   Next: 88%
Magic:  9/9        EV: 12    Int:  3    God:    Makhleb [**....]
Gold:   78         SH:  4    Dex: 10    Spells: 9/9 levels left

rFire    . . .     SeeInvis .     - Unarmed
rCold    + . .     Faith    .   e - +0 buckler
rNeg     + + +     Spirit   .   F - +0 chain mail "Oqes" {Dex+2}
rPois    ∞         Reflect  .   (no helmet)
rElec    .         Harm     .   w - +0 cloak
rCorr    .         Rampage  +   (no gloves)
Will     .....                  H - +2 pair of boots {rampage}
Stlth    ..........             (no amulet)
HPRegen  0.00/turn              n - +4 ring of evasion
MPRegen  0.11/turn              (no ring)

@: no status effects
A: claws 1, cold resistance 1, negative energy resistance 3, inhibited
regeneration, torment resistance 2, unbreathing 1
a: Renounce Religion, Minor Destruction


You were on level 8 of the Dungeon.
You worshipped Makhleb.
Makhleb was pleased with you.
You visited 1 branch of the dungeon, and saw 8 of its levels.
You also visited: Sewer.

You collected 422 gold pieces.
You spent 344 gold pieces at shops.

Inventory:

Hand Weapons
 A - a +1 whip of flaming
Missiles
 E - 17 sling bullets
Armour
 b - a +0 kite shield
 e - a +0 buckler (worn)
 w - a +0 cloak (worn)
 F - the +0 chain mail "Oqes" (worn) {Dex+2}
   (You found it on level 6 of the Dungeon)

   It affects your dexterity (+2).
 H - a +2 pair of boots of rampaging (worn)
Jewellery
 a - an amulet of the acrobat
 n - a +4 ring of evasion (left claw)
Wands
 s - a wand of polymorph (6)
 z - a wand of mindburst (14)
 B - a wand of charming (5)
 D - a wand of iceblast (7)
Scrolls
 d - a scroll of enchant weapon
 i - 2 scrolls of silence
 j - 2 scrolls of enchant armour {unknown}
 k - a scroll of immolation
 l - a scroll of magic mapping
 p - a scroll of fog {unknown}
 q - a scroll of blinking {unknown}
 t - a scroll of fear
 y - a scroll of identify
 C - 2 scrolls of noise {unknown}
 I - a scroll of teleportation {unknown}
Potions
 c - a potion of might
 f - a potion of curing {unknown}
 g - a potion of berserk rage {unknown}
 h - 3 potions of haste {unknown}
 m - 2 potions of lignification {unknown}
 o - a potion of flight {unknown}
 r - a potion of attraction {unknown}
 u - a potion of brilliance {unknown}
 v - a potion of resistance {unknown}
 x - a potion of ambrosia {unknown}
 G - a potion of heal wounds {unknown}
 J - 2 potions of magic {unknown}


   Skills:
 - Level 8.0 Fighting
 - Level 7.0 Armour
 - Level 4.0 Shields
 * Level 13.3 Unarmed Combat


You had 9 spell levels left.
You didn't know any spells.
Your spell library contained the following spells:

 Spells                   Type           Power      Damage    Failure   Level
 Beastly Appendage        Tmut           Unusable   N/A       N/A         1
 Wereblood                Tmut           Unusable   N/A       N/A         2
 Spider Form              Tmut/Pois      Unusable   N/A       N/A         3
 Ice Form                 Ice/Tmut       Unusable   N/A       N/A         4
 Hydra Form               Tmut           Unusable   N/A       N/A         5

Dungeon Overview and Level Annotations

Branches:
Dungeon (8/15)             Temple (0/1) D:7            Lair (0/6) D:8
  Sewer (visited)

Altars:
Ashenzari
Gozag
Kikubaaqudgha
Makhleb
Ru
Sif Muna
Trog

Shops:
D:5 [   D:7 [


Innate Abilities, Weirdness & Mutations

You thrive by killing the living.
You are immune to poison.
You have sharp fingernails.
Your flesh is cold resistant. (rC+)
You are immune to negative energy. (rN+++)
You do not regenerate when monsters are visible.
You are immune to unholy pain and torment.
You can survive without breathing.


Message History

The death yak barely misses you.
You barely miss the death yak.
The death yak is moderately wounded.
The death yak gores you!
You completely miss the death yak.
The death yak is moderately wounded.
The death yak gores you but does no damage.
You claw the death yak!
The death yak is heavily wounded.
You scratch the death yak.
The death yak is heavily wounded.
The death yak gores you!
* * * LOW HITPOINT WARNING * * *
Your chain mail "Oqes" prevents you from hitting the death yak.
The death yak is heavily wounded.
The death yak closely misses you.
You scratch the death yak.
The death yak is heavily wounded.
You block the death yak's attack.
You scratch the death yak.
The death yak is heavily wounded.
You scratch the death yak but do no damage.
The death yak is heavily wounded.
The death yak gores you.
* * * LOW HITPOINT WARNING * * *
You mangle the death yak!!
The death yak is almost dead.
The death yak closely misses you.
You claw the death yak!
The death yak is almost dead.
The death yak gores you but does no damage.
You scratch the death yak.
The death yak is almost dead.
The death yak gores you but does no damage.
You scratch the death yak but do no damage.
The death yak is almost dead.
You scratch the death yak but do no damage.
The death yak is almost dead.
The death yak gores you!!
You die...

▒▒▒▒▒▒ ▒····▒ ▒
▒·@··▒ >▒▒
▒··Y·▒▒▒▒▒··▒▒▒
▒▒···▒··▒·······
▒···············
▒··▒▒▒···········
···▒ ▒···▒·······
▒▒·· ▒··▒··>·$▒··
▒▒· ·····▒···▒···
··············▒


You could see a death yak.

Vanquished Creatures
  4 death yaks (D:7)
  Pikel (D:5)
  Prince Ribbit (D:6)
  A hornet (D:6)
  2 wyverns (D:7)
  An orc warrior (D:6)
  3 sky beasts
  Purgy (Sewer)
  3 black bears
  A necrophage (D:5)
  2 ogres
  2 centaurs (D:7)
  A lemure (D:5)
  A phantom (D:4)
  3 bullfrogs
  2 scorpions
  A water moccasin zombie (D:5)
  A howler monkey (D:5)
  3 centaur zombies
  3 centaur skeletons
  An orc priest (D:8)
  3 hounds
  3 bullfrog skeletons
  6 iguanas
  6 orc wizards
  A hound zombie (D:3)
  A hound skeleton (D:3)
  A howler monkey zombie (D:6)
  3 gnolls (D:4)
  6 adders
  3 white imps
  An adder skeleton (D:4)
  2 worms
  17 orcs
  4 ball pythons
  A bat zombie (D:4)
  7 endoplasms
  4 giant cockroaches
  10 goblins
  7 hobgoblins
  9 jackals
  2 kobolds
  3 quokkas
  8 bats
  2 frilled lizards
  8 rats
  2 rat zombies (D:4)
158 creatures vanquished.

Notes
Turn   | Place    | Note
-------+----------+-------------------------------------------
     0 | D:1      | Azzok the Ghoul Fighter began the quest for the Orb.
     0 | D:1      | Reached XP level 1. HP: 19/19 MP: 0/0
   120 | D:1      | Reached XP level 2. HP: 26/26 MP: 1/1
   168 | D:1      | Found a faded altar of an unknown god.
   374 | D:1      | Reached XP level 3. HP: 31/31 MP: 2/2
   516 | D:2      | Reached skill level 3 in Unarmed Combat
   598 | D:2      | Reached XP level 4. HP: 10/40 MP: 3/3
  1737 | D:3      | Reached XP level 5. HP: 44/46 MP: 4/4
  1774 | D:3      | Reached skill level 4 in Unarmed Combat
  1797 | D:3      | Found a sacrificial altar of Ru.
  1802 | D:3      | Found an opulent altar of Gozag.
  1804 | D:3      | Found a burning altar of Makhleb.
  1804 | D:3      | Found a shimmering blue altar of Sif Muna.
  1812 | D:3      | Found a broken altar of Ashenzari.
  1813 | D:3      | Found a bloodstained altar of Trog.
  2063 | D:4      | Noticed a black bear
  2078 | D:4      | Killed a black bear
  2079 | D:4      | Reached XP level 6. HP: 29/52 MP: 5/5
  2513 | D:4      | Reached skill level 5 in Unarmed Combat
  2615 | D:3      | Became a worshipper of Makhleb the Destroyer
  2950 | D:4      | Noticed a black bear
  2963 | D:4      | Killed a black bear
  2964 | D:4      | Reached XP level 7. HP: 47/60 MP: 6/6
  3200 | D:4      | Reached skill level 5 in Fighting
  3200 | D:4      | Reached skill level 6 in Unarmed Combat
  3364 | D:4      | Found an ancient bone altar of Kikubaaqudgha.
  3520 | D:5      | Entered Level 5 of the Dungeon
  3562 | D:5      | Reached * piety under Makhleb
  3596 | D:5      | Reached XP level 8. HP: 31/69 MP: 7/7
  3736 | D:5      | Reached skill level 7 in Unarmed Combat
  3878 | D:5      | Found Cucumu's Armour Boutique.
  3949 | D:5      | Found a glowing drain.
  3962 | Sewer    | Entered a sewer
  4096 | Sewer    | Noticed Purgy
  4114 | Sewer    | Killed Purgy
  4115 | Sewer    | Reached skill level 5 in Armour
  4602 | D:6      | Noticed Pikel
  4711 | D:5      | Killed Pikel
  4712 | D:5      | Reached skill level 8 in Unarmed Combat
  4712 | D:5      | Reached XP level 9. HP: 45/78 MP: 8/8
  5079 | D:6      | Reached skill level 9 in Unarmed Combat
  5325 | D:6      | Identified the +0 chain mail "Oqes" {Dex+2}
  5387 | D:6      | Noticed Prince Ribbit
  5401 | D:6      | Killed Prince Ribbit
  5788 | D:6      | Reached ** piety under Makhleb
  6180 | D:6      | Noticed a hornet
  6192 | D:6      | Killed a hornet
  6193 | D:6      | Reached skill level 10 in Unarmed Combat
  6482 | D:7      | Found Juigh's Armour Shoppe.
  6493 | D:7      | Bought a +2 pair of boots of rampaging for 344 gold pieces
  6622 | D:7      | Reached XP level 10. HP: 85/88 MP: 9/9
  6711 | D:7      | Found a staircase to the Ecumenical Temple.
  6772 | D:7      | Reached skill level 11 in Unarmed Combat
  6801 | D:8      | Noticed a death yak
  6802 | D:8      | Noticed a death yak
  6810 | D:8      | Noticed a death yak
  6811 | D:8      | Noticed a death yak
  6812 | D:8      | Noticed a death yak
  6818 | D:7      | Killed a death yak
  7052 | D:7      | Killed a death yak
  7053 | D:7      | Reached skill level 12 in Unarmed Combat
  7236 | D:8      | Found a staircase to the Lair.
  7267 | D:7      | Killed a death yak
  7400 | D:7      | Killed a death yak
  7401 | D:7      | Reached skill level 13 in Unarmed Combat
  7610 | D:8      | Slain by a death yak

Illustrated notes

Levels and vault maps discovered:
D:1:      dpeg_arrival_round_b, layout_rooms,
          hellmonk_ecumenical_altar_arch_garden
D:2:      layout_basic, grunt_decor_resistance, minmay_fractal_squares_5
D:3:      layout_basic, minitemple, minivault_14
D:4:      layout_basic, lemuel_zombie_altar_kikubaaqudgha
D:5:      layout_layer_cave, portal_sewer_entry_d, serial_shops, shop
D:6:      layout_layer_cave, roderic_roman_lattice, uniq_pikel,
          uniq_prince_ribbit1
D:7:      layout_rooms, minmay_temple_entry_statues_fountains, serial_shops,
          nicolae_shop_stone, kennysheep_generic_room_2
D:8:      layout_rooms, dpeg_lair_monsters, hellmonk_bongcloud_opening,
          chequers_serial_rivers_large_a, interstate_on_off,
          onia_ninara_dug_in_and_dangerous

Skill      XL: |  1  2  3  4  5  6  7  8  9 10 |
---------------+-------------------------------+-----
Unarmed Combat | 3 4 5 6 8 10 13 | 13.3
Armour         | 3 4 5 6 7 |  7.0
Shields        | 3 4 |  4.0
Fighting       | 4 5 6 8 |  8.0

Action                   |  1- 3 |  4- 6 |  7- 9 | 10-12 || total
-------------------------+-------+-------+-------+-------++-------
Melee: Unarmed           |   109 |   181 |   319 |   104 ||   713
  Use: Scroll            |       |       |     6 |       ||     6
Armor: Scale mail        |    43 |    68 |   118 |       ||   229
       Chain mail        |       |       |    42 |    27 ||    69
Dodge: Dodged            |    41 |    82 |   183 |    33 ||   339
Block: Kite shield       |     2 |       |       |       ||     2
       Buckler           |    14 |    28 |    60 |    11 ||   113

Table legend: (Time is in decaauts)
 A = Elapsed time spent in this place.
 B = Non-inter-level travel time spent in this place.
 C = Inter-level travel time spent in this place.
 D = Time resting spent in this place.
 E = Time spent auto-exploring this place.
 F = Levels seen in this place.
 G = Mean time per level.
                   A        B        C        D        E       F      G
               +--------+--------+--------+--------+--------+-----+--------+
         Total |   7543 |   7272 |    271 |   1225 |   4513 |   9 |  838.1 |
       Dungeon |   7285 |   7014 |    271 |   1225 |   4311 |   8 |  910.6 |
         Sewer |    257 |    257 |      0 |      0 |    202 |   1 |  257.0 |
               +--------+--------+--------+--------+--------+-----+--------+

Top non-repeatable levels by time:
     D:6: 1530 daAuts
     D:3: 1247 daAuts
     D:7: 1119 daAuts
     D:5: 1076 daAuts
     D:4: 1022 daAuts
     D:2: 754 daAuts
     D:1: 481 daAuts
   Sewer: 257 daAuts
     D:8: 52 daAuts
